 Dungeon Crawl Stone Soup version 0.21.1-1-g345015f (webtiles) character file.

12 inc the Vexing (level 2, 11/11 HPs)
             Began as a Felid Enchanter on Feb 25, 2018.
             Quit the game on level 1 of the Dungeon.
             The game lasted 00:01:20 (694 turns).

inc the Vexing (Felid Enchanter)                     Turns: 694, Time: 00:01:21

Health: 11/11      AC:  1    Str:  4    XL:     2   Next: 20%
Magic:  6/6        EV: 18    Int: 16    God:
Gold:   42         SH:  0    Dex: 16    Spells: 4/5 levels left
                                        Lives:  0   Deaths: 0

rFire    . . .     SeeInvis +     - Unarmed
rCold    . . .     Gourm    .   (shield unavailable)
rNeg     . . .     Faith    .   (armour unavailable)
rPois    .         Spirit   .   (helmet unavailable)
rElec    .         Reflect  .   (cloak unavailable)
rCorr    .         Harm     .   (gloves unavailable)
MR       .....     Rnd*Tele +   (boots unavailable)
Stlth    +++.......             (no amulet)
HPRegen  0.03/turn              c - ring of teleportation (curse)
MPRegen  0.10/turn              (no ring)

@: quick
A: very small, no armour, no weapons or thrown items, stealth, claws 1, fangs 3,
see invisible, carnivore, speed 1, shaggy fur 1, slow metabolism 1, sharp paws
a: no special abilities


You were on level 1 of the Dungeon.
You were not hungry.

You visited 1 branch of the dungeon, and saw 1 of its levels.

You collected 42 gold pieces.

Inventory:

Jewellery
 c - a cursed ring of teleportation (left paw)
 g - an uncursed ring of ice
Scrolls
 f - a scroll of fear
Books
 a - a book of Maledictions

   Spells                             Type                      Level
   a - Corona                         Hexes                        1
   b - Ensorcelled Hibernation        Hexes/Ice                    2
   c - Confuse                        Hexes                        3
   d - Tukima's Dance                 Hexes                        3
   e - Dazzling Spray                 Conjuration/Hexes            3
Comestibles
 b - 4 rations


   Skills:
 - Level 2.6 Dodging
 - Level 4.0 Stealth
 + Level 2.3 Unarmed Combat
 - Level 2.0 Spellcasting
 - Level 4.4 Hexes


You had 4 spell levels left.
You knew the following spells:

 Your Spells              Type           Power        Failure   Level  Hunger
a - Corona                Hex            ###....      3%          1    #......


Dungeon Overview and Level Annotations

Branches:
Dungeon (1/15)

Altars:


Innate Abilities, Weirdness & Mutations

You cannot wear armour.
You are incapable of wielding weapons or throwing items.
Your paws allow you to move quietly. (Stealth)
You have sharp claws.
You have razor-sharp teeth.
You have supernaturally acute eyesight. (SInv)
You are carnivorous and can eat meat at any time.
You cover ground quickly.
You are covered in fur. (AC +1)
You have a slow metabolism.
Your sharp claws are effective at attacking unaware monsters.


Message History

You feel slightly jumpy.
Oops, that ring feels deathly cold.
c - a cursed ring of teleportation (left paw) Put on which piece of jewellery? (? for menu, Esc to quit)
You feel more attuned to ice.
g - a ring of ice (right paw) Remove which piece of jewellery? (? for menu, Esc to quit)
You remove your ring of ice.
Unknown command.
As you read the scroll labeled BANGAA WODOYS, it crumbles to dust.
You assume a fearsome visage.
Nothing appears to happen.
It was a scroll of fear.
As you read the scroll labeled XAATHR KEQOESK, it crumbles to dust.
The air around you briefly surges with heat, but it dissipates.
It was a scroll of immolation.
As you read the scroll labeled BOKKAIRASE, it crumbles to dust.
It is a scroll of identify.
You don't have any unidentified items.
Things that are here:
a club; a goblin corpse Are you sure you want to abandon this character and quit the game? (Confirm with "yes".)

#...#.## #
#......####.#
#...........#
#.#......#### ####
#...#.....# ...#
#.........# ##.#
##..#.....# #.#
##.#....##
##.#########....@##
.................#
...#########.#####
#..# #.# #.)# #.#
#..# #.# #..# #.#
...# #># #.#######
#.#


There were no monsters in sight!

Vanquished Creatures
  A leopard gecko (D:1)
  2 bats (D:1)
  3 goblins (D:1)
  A kobold (D:1)
  2 frilled lizards (D:1)
  A rat (D:1)
10 creatures vanquished.

Notes
Turn   | Place    | Note
-------+----------+-------------------------------------------
     0 | D:1      | inc the Felid Enchanter began the quest for the Orb.
     0 | D:1      | Reached XP level 1. HP: 7/7 MP: 4/4
   127 | D:1      | Reached XP level 2. HP: 4/11 MP: 6/6
   694 | D:1      | Quit the game

Skill      XL: |  1 |
---------------+----+-----
Unarmed Combat | 2 |  2.3
Dodging        | |  2.6
Stealth        | |  4.0
Spellcasting   | |  2.0
Hexes          | |  4.4

Action                   || total
-------------------------++-------
Melee: Unarmed           ||    23
  Use: Scroll            ||     3
 Stab: Sleeping          ||     6
Armor: Skin              ||     1
Dodge: Dodged            ||     8
